AoeStats
← MattAtArms

Arabia

503994373Analyzed
1v1 RM · 1mo ago on Sep 3, 2026· 52m 56s· 2 players
Game mode
Random Map
Map size
Tiny (2 player)
Population
200
Speed
Normal
Resources
Standard
Victory
Conquest
Starting age
Dark Age
Ending age
Imperial Age
RankedLock teamsTeams togetherTeam positionsShared explorationLock speedFull tech treeHidden civsTurbo modeCheats
Victory
Defeat
🇨🇴 Tupi · Colombia
2033
+10
🇬🇧 Koreans · United Kingdom
1899
-10
JOLIAT
9:48 Feudal Age
9:52 Champi Runner
10:54 Double-Bit Axe
12:21 Loom
12:54 Fletching
13:17 Horse Collar
20:15 Castle Age
19:31 Gold Mining
19:53 Padded Archer Armor
21:14 Bow Saw
20:40 Elite Skirmisher
21:30 Bodkin Arrow
22:05 Ballistics
22:40 Leather Archer Armor
22:32 Champi Runner
23:16 Champi Warrior
23:57 Scale Mail Armor
24:55 Chain Mail Armor
25:11 Squires
25:52 Bow Saw
25:31 Town Watch
31:11 Forging
31:59 Wheelbarrow
32:50 Iron Casting
32:38 Arson
41:58 Imperial Age
40:10 Heavy Plow
41:33 Gold Shaft Mining
40:49 Stone Mining
42:42 Bracer
43:46 Chemistry
43:38 Conscription
42:47 Elite Champi Warrior
44:02 Plate Mail Armor
46:22 Caciques
49:33 Two-Man Saw
49:14 Ring Archer Armor
51:34 Curare
MattAtArms
5:20 Loom
9:15 Feudal Age
9:15 Man-at-Arms
9:44 Double-Bit Axe
19:33 Castle Age
18:00 Fletching
18:23 Horse Collar
18:37 Gold Mining
19:20 Horse Collar
19:34 Crossbowman
20:43 Bodkin Arrow
22:32 Bow Saw
25:59 Wheelbarrow
26:30 Ballistics
36:42 Imperial Age
34:00 Town Watch
35:21 Heavy Plow
37:16 Thumb Ring
37:45 Bracer
37:10 Arbalester
39:07 Chemistry
41:57 Two-Man Saw
42:28 Conscription
43:21 Gold Shaft Mining
42:37 Stone Mining
43:23 Elite Skirmisher
45:23 Masonry
47:36 Elite Fire Lancer
48:20 Scale Mail Armor
49:29 Forging
49:57 Chain Mail Armor
51:34 Iron Casting
52:00 Plate Mail Armor
Connection lost

Rejoining the realm…

Still unreachable

The connection could not be restored.

Session expired

The server has moved on; the page needs a fresh start.